 Dungeon Crawl Stone Soup version 0.29.1-15-g9cfb28693d (webtiles) character file.

Game seed: 13156433207759553265

32581 safid the Frost Mage (level 13, -3/108 HPs)
             Began as a Merfolk Ice Elementalist on Mar 29, 2023.
             Was a High Priest of Vehumet.
             Slain by an eight-headed hydra (13 damage)
             ... on level 5 of the Lair of Beasts on Mar 30, 2023.
             The game lasted 00:56:02 (20261 turns).

safid the Frost Mage (Merfolk Ice Elementalist)    Turns: 20261, Time: 00:56:03

Health: -3/108     AC: 18    Str: 10    XL:     13   Next: 65%
Magic:  20/28      EV: 11    Int: 21    God:    Vehumet [*****.]
Gold:   729        SH: 13    Dex: 11    Spells: 24/35 levels left

rFire   + . .      SeeInvis .   q - +2 whip (elec)
rCold   + . .      Faith    .   v - +2 kite shield
rNeg    . . .      Spirit   .   K - +1 robe {Will+}
rPois   +          Reflect  .   u - +0 helmet
rElec   .          Harm     .   N - +0 cloak
rCorr   +          Rampage  .   z - +1 pair of gloves of the Lily {rC+ Will+ rCorr Stlth+}
Will    ++...                   i - +0 pair of boots
Stlth   +++.......              (no amulet)
HPRegen 0.28/turn               E - ring of poison resistance
MPRegen 0.21/turn               d - ring of Incredulity {Fly rF+ Int+3 Dex-3}

@: mighty, lethally poisoned (-3 -> -16), ice-armoured, freezing walls, flying,
studying Armour
A: (nimble swimmer 2), mertail
a: Renounce Religion


You were on level 5 of the Lair of Beasts.
You worshipped Vehumet.
Vehumet was extremely pleased with you.
You visited 2 branches of the dungeon, and saw 15 of its levels.

You collected 797 gold pieces.
You spent 68 gold pieces at shops.

Inventory:

Hand Weapons
 q - a +2 whip of electrocution (weapon)
Missiles
 a - a throwing net
 H - a curare-tipped dart
Armour
 i - a +0 pair of boots (worn)
 u - a +0 helmet (worn)
 v - a +2 kite shield (worn)
 z - the +1 pair of gloves of the Lily (worn) {rC+ Will+ rCorr Stlth+}
   (You found it on level 4 of the Dungeon)

   rC:        It protects you from cold.
   rCorr:     It protects you from acid and corrosion.
   Will:      It increases your willpower.
   Stlth:     It makes you more stealthy.
 K - a +1 robe of willpower (worn)
 N - a +0 cloak (worn)
Jewellery
 d - the ring of Incredulity (right hand) {Fly rF+ Int+3 Dex-3}
   (You found it on level 3 of the Dungeon)

   [ring of flight]

   Int:       It affects your intelligence (+3).
   Dex:       It affects your dexterity (-3).
   rF:        It protects you from fire.
   Fly:       It grants you flight.
 h - a ring of protection from cold
 l - a ring of resist corrosion
 D - a ring of fire
 E - a ring of poison resistance (left hand)
 L - a ring of positive energy
Wands
 m - a wand of charming (4)
 o - a wand of flame (30)
 G - a wand of digging (7)
 I - a wand of quicksilver (4)
Scrolls
 g - 5 scrolls of fear
 p - 2 scrolls of blinking
 r - 3 scrolls of amnesia
 s - 2 scrolls of brand weapon
 x - 2 scrolls of fog
 y - a scroll of enchant weapon
 B - 2 scrolls of teleportation
 F - a scroll of silence
Potions
 b - 2 potions of magic
 c - a potion of might
 e - 3 potions of heal wounds
 j - 2 potions of cancellation {unknown}
 n - 2 potions of invisibility {unknown}
 t - 5 potions of mutation
 w - 9 potions of curing
 C - 2 potions of brilliance {unknown}
 J - a potion of berserk rage {unknown}
 M - a potion of ambrosia {unknown}


   Skills:
 - Level 12.0 Fighting
 - Level 2.6 Dodging
 - Level 2.1 Stealth
 + Level 10.5 Shields
 + Level 11.6 Spellcasting
 + Level 14.1 Ice Magic


You had 24 spell levels left.
You knew the following spells:

 Your Spells              Type           Power      Damage    Failure   Level
a - Freeze                Ice            100%       1d11      1%          1
b - Frozen Ramparts       Ice            100%       1d16      1%          3
c - Ozocubu's Armour      Ice            64%        N/A       1%          3
d - Hailstorm             Conj/Ice       42%        3d10      1%          4

Your spell library contained the following spells:

 Spells                   Type           Power      Damage    Failure   Level
 Yara's Violent Unravell  Hex/Tmut       6%         3d5       61%         5
 Foxfire                  Conj/Fire      48%        2x1d6     3%          1
 Poisonous Vapours        Pois/Air       24%        N/A       5%          2
 Static Discharge         Conj/Air       12%        3-5/arc   5%          2
 Conjure Flame            Conj/Fire      12%        6-21      11%         3
 Inner Flame              Hex/Fire       12%        N/A       11%         3
 Sting                    Tmut/Pois      48%        1d5       12%         1
 Flame Wave               Conj/Fire      12%        2d6       30%         4
 Olgreb's Toxic Radiance  Pois           12%        N/A       30%         4
 Sticky Flame             Conj/Fire      12%        2d4       30%         4
 Dispel Undead            Necr           12%        3d9       77%         4


Dungeon Overview and Level Annotations

Branches:
Dungeon (10/15)            Temple (0/1) D:7            Lair (5/5) D:10
 Shoals (0/4) Lair:2        Snake (0/4) Lair:3
  Slime: Lair:4-5       Orc: D:9-12

Altars:
Ashenzari
Cheibriados
Elyvilon
Nemelex Xobeh
Okawaru
Qazlal
Sif Muna
Trog
Uskayaw
Vehumet
Wu Jian
Xom
Zin

Shops:
D:1 =   D:5 [?!*

Annotations:
Lair:4 Taczot's ghost, journeyman MiBe


Innate Abilities, Weirdness & Mutations

((You are very nimble when in or above water. (Stealth+, EV+, Speed+++)))
Your lower body shifts to a powerful aquatic tail in water.


Message History

The eight-headed hydra bites you but does no damage.
You block the eight-headed hydra's attack.
The eight-headed hydra bites you but does no damage. x2
The black mamba closely misses you.
The wall freezes the water moccasin.
You block the water moccasin's attack.
Casting: Freeze (safe; 1% risk of failure)
Confirm with . or Enter, or press ? or * to list all spells.
Aiming: Freeze (safe; 1% risk of failure)
Press: ? - help, Shift-Dir - straight line, f/p - black mamba
Aim: a black mamba (lightly wounded, slow)
You freeze the black mamba!
The black mamba is moderately wounded.
You block the black mamba's attack.
The wall freezes the eight-headed hydra!!
The eight-headed hydra bites you but does no damage.
The eight-headed hydra misses you.
The eight-headed hydra bites you but does no damage.
The eight-headed hydra misses you.
The eight-headed hydra barely misses you.
You block the eight-headed hydra's attack.
The eight-headed hydra bites you but does no damage.
The eight-headed hydra bites you!
The wall freezes the water moccasin.
The water moccasin seems to slow down.
The water moccasin bites you.
You whack the water moccasin!
The water moccasin is almost dead.
The eight-headed hydra is no longer moving slowly.
The black mamba bites you!
* * * LOW HITPOINT WARNING * * *
You are poisoned.
The black mamba poisons you!
The wall freezes the water moccasin!
You kill the water moccasin!
Vehumet accepts your kill.
You feel your power returning.
The wall freezes the eight-headed hydra!
The eight-headed hydra bites you!
* * * LOW HITPOINT WARNING * * *
The eight-headed hydra bites you but does no damage.
The eight-headed hydra barely misses you. x2
The eight-headed hydra bites you!
You die...

...... .###..... .
........ ...#....# ..#
#S...... ..#...<.. ..##
.......
........###.....##......
........................
#....SD†P..............
..#..††@###..#.##P......
..#.....P#.....###......
..P........#.....P......
#........................
.........................
..........................
..........#.###.#..#......
..#......### ##.###......
#..#......##.#####......


You could see an eight-headed hydra and a black mamba (slow).

Vanquished Creatures
  6 hydras
  Maurice (D:8)
  2 black mambas
  Maggie (D:6)
  16 cane toads
  A rime drake (Lair:1)
  8 komodo dragons
  2 trolls
  2 polar bears
  A hornet (Lair:1)
  13 blink frogs
  4 dream sheep (Lair:3)
  4 spriggans (Lair:4)
  3 wyverns
  A wraith (D:10)
  A ynoxinul (D:8)
  Sigmund (D:3)
  Eustachio (D:6)
  Grum (D:9)
  44 yaks
  A steam dragon (D:4)
  2 basilisks
  Menkaure (D:4)
  4 nagas (Lair:3)
  15 water moccasins
  A black bear (D:7)
  Pargi (D:3)
  4 sky beasts
  2 orc warriors
  3 ice beasts
  An ogre (D:6)
  14 wolves
  4 centaurs
  A phantom (D:5)
  6 kobold brigands
  A gnoll sergeant (D:6)
  13 bullfrogs
  2 scorpions
  A necrophage (D:4)
  13 wights (D:8)
  2 howler monkeys
  6 electric eels (D:10)
  2 jellies
  4 orc priests
  3 hounds
  8 iguanas
  Jessica (D:3)
  14 orc wizards
  Robin (D:4)
  10 adders
  6 gnolls
  A white imp (D:5)
  An ufetubus (D:4)
  2 dart slugs
  2 worms (D:4)
  37 orcs
  9 ball pythons
  4 bats
  5 endoplasms
  4 giant cockroaches
  20 goblins
  11 hobgoblins
  A jackal (D:4)
  6 quokkas
  2 frilled lizards
  40 kobolds
  4 rats
409 creatures vanquished.

Vanquished Creatures (others)
  30 fungi
  36 plants
66 creatures vanquished.

Grand Total: 475 creatures vanquished

Notes
Turn   | Place    | Note
-------+----------+-------------------------------------------
     0 | D:1      | safid the Merfolk Ice Elementalist began the quest for the
                  | Orb.
     0 | D:1      | Reached XP level 1. HP: 13/13 MP: 3/3
   457 | D:1      | Reached XP level 2. HP: 20/20 MP: 1/5
   600 | D:1      | Reached skill level 1 in Fighting
  1208 | D:1      | Found Oropirgh's Jewellery Emporium.
  1216 | D:1      | Reached XP level 3. HP: 26/26 MP: 6/6
  1220 | D:1      | Learned a level 3 spell: Frozen Ramparts
  1811 | D:2      | Reached skill level 5 in Ice Magic
  1837 | D:2      | Reached XP level 4. HP: 31/33 MP: 6/8
  2030 | D:3      | Noticed Sigmund
  2067 | D:2      | Learned a level 3 spell: Ozocubu's Armour
  2083 | D:3      | Noticed Jessica
  2090 | D:3      | Killed Jessica
  2236 | D:3      | Identified the ring of Incredulity {Fly rF+ Int+3 Dex-3}
  2354 | D:3      | Reached XP level 5. HP: 37/39 MP: 0/9
  2439 | D:3      | Found a faded altar of an unknown god.
  2462 | D:3      | Killed Sigmund
  2463 | D:3      | Reached XP level 6. HP: 42/47 MP: 0/11
  2649 | D:3      | Found a broken altar of Ashenzari.
  2655 | D:3      | Found a sparkling altar of Nemelex Xobeh.
  2861 | D:3      | Noticed Pargi
  2872 | D:3      | Killed Pargi
  2873 | D:3      | Reached skill level 6 in Ice Magic
  3491 | D:4      | Reached XP level 7. HP: 46/54 MP: 1/13
  3674 | D:4      | Noticed a yak
  3678 | D:4      | Noticed a steam dragon
  3700 | D:4      | Killed a steam dragon
  3716 | D:4      | Killed a yak
  3717 | D:4      | Reached skill level 5 in Fighting
  3741 | D:4      | Reached skill level 5 in Spellcasting
  3741 | D:4      | Reached skill level 7 in Ice Magic
  3741 | D:4      | Reached XP level 8. HP: 33/61 MP: 0/15
  4175 | D:4      | Noticed Menkaure
  4187 | D:4      | Killed Menkaure
  4587 | D:4      | Noticed Robin
  4600 | D:4      | Killed Robin
  4730 | D:4      | Identified the +1 pair of gloves of the Lily {rC+ Will+
                  | rCorr Stlth+}
  4860 | D:5      | Entered Level 5 of the Dungeon
  4869 | D:5      | Found Noxkec's Armour Shoppe.
  4968 | D:5      | Found Jiwozxai's Distillery.
  4976 | D:5      | Bought a potion of curing for 30 gold pieces
  4976 | D:5      | Bought a potion of degeneration for 10 gold pieces
  5489 | D:5      | Found Hyuqonn's General Store.
  5574 | D:5      | Found Giniotz's Magic Scroll Shop.
  5579 | D:5      | Bought a scroll of identify for 28 gold pieces
  5749 | D:5      | Reached skill level 8 in Ice Magic
  5890 | D:6      | Reached XP level 9. HP: 46/71 MP: 7/18
  6088 | D:6      | Noticed Eustachio
  6461 | D:6      | Killed Eustachio
  6733 | D:6      | Noticed Maggie
  6742 | D:6      | Killed Maggie
  6743 | D:6      | Reached skill level 1 in Shields
  7053 | D:6      | Reached skill level 9 in Ice Magic
  7152 | D:6      | Found a hide-covered altar of Uskayaw.
  7278 | D:6      | Found a shimmering altar of Xom.
  7279 | D:6      | Found a shimmering altar of Xom.
  7279 | D:6      | Found a shimmering altar of Xom.
  7279 | D:6      | Found a shimmering altar of Xom.
  8082 | D:7      | Found a radiant altar of Vehumet.
  8095 | D:7      | Became a worshipper of Vehumet
  8150 | D:7      | Found a staircase to the Ecumenical Temple.
  8291 | D:7      | Found a snail-covered altar of Cheibriados.
  8364 | D:7      | Reached XP level 10. HP: 71/81 MP: 12/20
  8625 | D:7      | Found a white marble altar of Elyvilon.
  8806 | D:8      | Reached * piety under Vehumet
  8806 | D:8      | Offered knowledge of Sandblast by Vehumet.
  8854 | D:8      | Noticed Maurice
  8870 | D:8      | Reached skill level 10 in Ice Magic
  8874 | D:8      | Killed Maurice
  8953 | D:8      | Found an iron altar of Okawaru.
  9189 | D:8      | Found a glowing silver altar of Zin.
  9218 | D:8      | Reached ** piety under Vehumet
  9218 | D:8      | Offered knowledge of Magic Dart by Vehumet.
  9434 | D:8      | Reached skill level 5 in Shields
  9822 | D:8      | Found a bloodstained altar of Trog.
 10086 | D:8      | Found a shimmering blue altar of Sif Muna.
 10090 | D:8      | Got Sif Muna's Catalogue of Exhumation
 10245 | D:9      | Noticed a six-headed hydra
 10252 | D:9      | Killed a six-headed hydra
 10253 | D:9      | Reached XP level 11. HP: 71/90 MP: 15/23
 10258 | D:9      | Learned a level 4 spell: Hailstorm
 10558 | D:9      | Offered knowledge of Mephitic Cloud by Vehumet.
 10635 | D:9      | Found a stormy altar of Qazlal.
 10745 | D:9      | Noticed Grum
 10764 | D:9      | Reached skill level 10 in Fighting
 10769 | D:9      | Killed Grum
 10770 | D:9      | Reached skill level 11 in Ice Magic
 10930 | D:9      | Reached *** piety under Vehumet
 11132 | D:10     | Entered Level 10 of the Dungeon
 11208 | D:10     | HP: 2/90 [electric eel/bolt of electricity (5)]
 11715 | D:10     | Found a staircase to the Lair.
 11754 | D:10     | Found an ornate altar of the Wu Jian Council.
 12003 | D:10     | Offered knowledge of Dazzling Flash by Vehumet.
 13284 | Lair:1   | Entered Level 1 of the Lair of Beasts
 13292 | Lair:1   | Reached XP level 12. HP: 100/100 MP: 20/25
 13507 | Lair:1   | Reached **** piety under Vehumet
 13508 | Lair:1   | Reached skill level 12 in Ice Magic
 14098 | Lair:1   | Offered knowledge of Lightning Bolt by Vehumet.
 14538 | Lair:2   | Reached skill level 10 in Spellcasting
 15052 | Lair:2   | Found a staircase to the Shoals.
 15534 | Lair:2   | Noticed a seven-headed hydra
 15545 | Lair:2   | Killed a seven-headed hydra
 15992 | Lair:2   | Noticed a five-headed hydra
 16155 | Lair:2   | Killed a five-headed hydra
 16449 | Lair:3   | Noticed a seven-headed hydra
 16464 | Lair:3   | Killed a seven-headed hydra
 16468 | Lair:3   | Reached skill level 13 in Ice Magic
 16838 | Lair:3   | Reached XP level 13. HP: 108/108 MP: 21/27
 16943 | Lair:3   | Found a hide-covered altar of Uskayaw.
 17128 | Lair:3   | Found a staircase to the Snake Pit.
 18054 | Lair:4   | HP: 4/108 [polar bear (3)]
 18633 | Lair:4   | Noticed Taczot's ghost (journeyman MiBe)
 18638 | Lair:4   | Found a transporter.
 18644 | Lair:4   | Found a bloodstained altar of Trog.
 18655 | Lair:4   | Found a transporter.
 18901 | Lair:4   | Reached skill level 10 in Shields
 18993 | Lair:4   | Reached ***** piety under Vehumet
 19117 | Lair:4   | You are sucked into a shaft and drop 1 floor!
 19117 | Lair:5   | Entered Level 5 of the Lair of Beasts
 19134 | Lair:5   | Offered knowledge of Yara's Violent Unravelling by Vehumet.
 20032 | Lair:5   | Reached skill level 14 in Ice Magic
 20261 | Lair:5   | Slain by an eight-headed hydra

Illustrated notes

Levels and vault maps discovered:
D:1:      dpeg_arrival_stone_temple_mockup, layout_basic, serial_shops,
          nicolae_shop_advertising_works [nicolae_subvault_shop_adworks]
D:2:      layout_basic, minmay_bisected
D:3:      layout_basic, chequers_temple_overflow_statue_of_worship,
          ebering_ecumenical_altar_hall, uniq_jessica, uniq_sigmund, uniq_pargi
D:4:      minmay_clustersquares, layout_rooms, minmay_vboxes, uniq_menkaure,
          uniq_robin
D:5:      layout_basic, serial_shops, shop, nicolae_diamond_shop,
          kennysheep_little_box, nicolae_stop_n_shop_2, kennysheep_potato
D:6:      layout_layer_cave, nicolae_uskayaw_dance_hall, xom_redecorated,
          uniq_maggie, uniq_eustachio
D:7:      layout_gridville, kennysheep_slug_shrine,
          mainiacjoe_overflow_boulevard, elyvilon_altar_5,
          minmay_temple_entry_mist
D:8:      layout_loops_ring, nzn_overflow_gifts_of_might_and_magic,
          zin_statuary, okawaru_trees_2, uniq_maurice
D:9:      layout_small_grid, grunt_qazlal_clouds, uniq_grum
D:10:     layout_basic, old_standard_altar, minmay_lair_entry_grove
Lair:1:   layout_misc_corridors, grunt_megastairs_3
Lair:2:   layout_hall_layers, minmay_shoals_entry_centaurs, st_stairs_3,
          grunt_megastairs_1
Lair:3:   layout_gridlike, minmay_snake_entry_guardpost_small, basic_altar,
          minivault_25, infiniplex_staircase_pool_2
Lair:4:   layout_hall_layers, gammafunk_ghost_wrathful_warriors,
          lemuel_fruit_fields, serial_bayou_shore_b
Lair:5:   hellmonk_lair_end_abyssal_woods, layout_regular_city,
          minmay_slime_entry_pillars, kennysheep_rathole

Skill      XL: |  1  2  3  4  5  6  7  8  9 10 11 12 13 |
---------------+----------------------------------------+-----
Fighting       | 1 2 3 4 5 6 8 9 11 12 | 12.0
Ice Magic      | 5 6 7 8 9 10 11 13 14 | 14.1
Spellcasting   | 3 4 5 6 7 8 9 10 11 | 11.6
Shields        | 3 5 7 9 10 | 10.5
Dodging        | |  2.6
Stealth        | |  2.1

Action                   |  1- 3 |  4- 6 |  7- 9 | 10-12 | 13-15 || total
-------------------------+-------+-------+-------+-------+-------++-------
Melee: Dagger            |    36 |     3 |       |       |       ||    39
       Club              |       |     9 |       |       |       ||     9
       Whip              |       |    35 |   157 |   260 |    40 ||   492
       Punch             |       |       |     2 |       |       ||     2
 Cast: Freeze            |    37 |    10 |    29 |   111 |    74 ||   261
       Frozen Ramparts   |     3 |    10 |    47 |    79 |    29 ||   168
       Ozocubu's Armour  |       |     4 |    26 |    66 |    22 ||   118
       Hailstorm         |       |       |       |    21 |    12 ||    33
Evoke: Wand              |       |       |       |     1 |     2 ||     3
  Use: Scroll            |       |       |     4 |     9 |     6 ||    19
       Potion            |       |       |       |     1 |     3 ||     4
 Stab: Sleeping          |     3 |     2 |     7 |       |       ||    12
Armor: Robe              |    16 |    24 |    93 |   202 |    70 ||   405
Dodge: Dodged            |    30 |    36 |   149 |   182 |    85 ||   482
Block: Kite shield       |       |       |    21 |   258 |   105 ||   384
